AoeStats
← GL

Glade

510373758Analyzed
1v1 RM · 22h ago on Sep 30, 2026· 22m 35s· 2 players
Game mode
Random Map
Map size
Tiny (2 player)
Population
200
Speed
Normal
Resources
Standard
Victory
Conquest
Starting age
Dark Age
Ending age
Imperial Age
RankedLock teamsTeams togetherTeam positionsShared explorationLock speedFull tech treeHidden civsTurbo modeCheats
Victory
Defeat
🇸🇪 Franks · Sweden
657
+16
🇦🇷 Britons · Argentina
661
-16
Babayaga (/=\)
10:33 Feudal Age
10:26 Loom
15:59 Castle Age
23:06 Forging
23:02 Scale Barding Armor
GL
10:03 Feudal Age
10:54 Double-Bit Axe
17:01 Castle Age
15:03 Horse Collar
17:54 Bow Saw
18:14 Heavy Plow
Connection lost

Rejoining the realm…

Still unreachable

The connection could not be restored.

Session expired

The server has moved on; the page needs a fresh start.